 Dungeon Crawl Stone Soup version 0.31.0-2-g5a2aebc5c2 (webtiles) character file.

Game seed: 1467109896854544134

589 stipulation the Ruffian (level 7, -8/57 HPs)
             Began as a Ghoul Monk on Jan 21, 2024.
             Mangled by a yak (13 damage)
             ... on level 5 of the Dungeon.
             The game lasted 00:02:18 (3942 turns).

stipulation the Ruffian (Ghoul Monk)                Turns: 3942, Time: 00:02:19

Health: -8/57      AC: 14    Str: 17    XL:     7   Next: 38%
Magic:  7/7        EV:  5    Int:  9    God:
Gold:   212        SH:  0    Dex: 11    Spells: 6/6 levels left

rFire   . .          .
                       - Unarmed
rCold   + . .        c - orb {light}
rNeg    + + +        p - +0 plate armour
rPois   ∞            d - +2 helmet
rElec   .            (no cloak)
rCorr   .            (no gloves)
SInv    .            (no boots)
Will    .....        i - amulet of reflection Stlth
                     (no ring)
HPRegen 0.00/turn    (no ring)
MPRegen 0.10/turn

%: reflection
@: confused, ambrosia-drunk, inhibited regen, glowing
A: claws 1, cold resistance 1, negative energy resistance 3, inhibited
regeneration, torment resistance 2, devour on kill
a: no special abilities


You were on level 5 of the Dungeon.
You visited 1 branch of the dungeon, and saw 5 of its levels.

You collected 212 gold pieces.

Inventory:

Armour
 a - a +0 robe
 c - an orb of light (worn)
 d - a +2 helmet (worn)
 o - a +0 chain mail
 p - a +0 plate armour (worn)
Jewellery
 i - an amulet of reflection (around neck)
 m - a ring of fire
 y - an amulet of regeneration
Wands
 v - a wand of acid (1)
 B - a wand of flame (22)
Scrolls
 e - 3 scrolls of identify {unknown}
 j - 2 scrolls of teleportation {unknown}
 k - a scroll of noise {unknown}
 n - 2 scrolls of enchant armour {unknown}
 q - a scroll of torment {unknown}
 r - a scroll of vulnerability {unknown}
 u - a scroll of blinking {unknown}
 w - a scroll of fear {unknown}
 x - a scroll of immolation {unknown}
 z - a scroll of fog {unknown}
Potions
 b - a potion of ambrosia
 f - 2 potions of enlightenment {unknown}
 g - a potion of heal wounds {unknown}
 h - 3 potions of curing {unknown}
 l - a potion of might {unknown}
 s - 2 potions of degeneration {unknown}
 t - a potion of mutation {unknown}
 A - a potion of berserk rage {unknown}


   Skills:
 - Level 3.2 Fighting
 + Level 3.8 Armour
 - Level 2.6 Dodging
 + Level 7.6 Unarmed Combat


You had 6 spell levels left.
You didn't know any spells.
Your spell library contained the following spells:

 Spells                   Type           Power      Damage    Failure   Level
 Apportation              Tloc           0%         N/A       100%        1
 Necrotise                Necr           0%         1d4       100%        1
 Sting                    Conj/Alch      0%         1d3       100%        1
 Summon Small Mammal      Summ           0%         N/A       100%        1


Dungeon Overview and Level Annotations

Branches:
Dungeon (5/15)
 Temple: D:4-7

Altars:
Cheibriados
Fedhas
Gozag
Makhleb
Nemelex Xobeh
Okawaru
Qazlal
Ru
Yredelemnul

Shops:
D:5 =

Annotations:
D:5 2 runed translucent doors, middlethird's ghost, amateur VSFE


Innate Abilities, Weirdness & Mutations

You are immune to poison.
You have sharp fingernails.
Your flesh is cold resistant. (rC+)
You are immune to negative energy. (rN+++)
You do not regenerate when monsters are visible.
You are immune to unholy pain and torment.
You thrive by killing the living.


Message History

You are too injured to fight recklessly!
You are too injured to fight recklessly!
You are too injured to fight recklessly!
You are too injured to fight recklessly!
You are too injured to fight recklessly!
You are too injured to fight recklessly!
You are too injured to fight recklessly!
You are too injured to fight recklessly!
You are too injured to fight recklessly!
A yak is nearby!
You claw the yak!
The yak is heavily wounded.
The yak gores you but does no damage.
Your unstable footing causes you to fumble your attack.
You scratch the yak.
The yak is heavily wounded.
The yak gores you but does no damage.
You scratch the yak but do no damage.
The yak is heavily wounded.
The yak gores you!
You scratch the yak but do no damage.
The yak is heavily wounded.
The yak gores you but does no damage.
You scratch the yak but do no damage.
The yak is heavily wounded.
The yak gores you!
Your unstable footing causes you to fumble your attack.
An iguana comes into view.
The yak gores you.
* * * LOW HITPOINT WARNING * * *
Your unstable footing causes you to fumble your attack.
The iguana hisses angrily.
The yak gores you!
* * * LOW HITPOINT WARNING * * *
Sorry, you're not good enough to have a special ability.
Unknown command.
Okay, then.
You are confused.
You feel invigorated. The yak gores you!
You die...

#~# . #
#~............ ##~#
.#. #~#####......[
##~~# #.#
#~~####.######
#~~###.l.###~~#...#
#~##~##.##~##~#.###
#~#~~#.~.#~~#~#.#
#~~~~##.##~~~~#.#
####~#.Y.#~####.#
##.~##@##~##...#
#..~~#.#~~##.###
#.~~##'##~~..#
#.~##~~~##~..#
#.~#~~.~~#~..#
#.~~~..#~~~..#
#...........##
#############


You could see a yak and an iguana.

Vanquished Creatures
  A black bear (D:5)
  A phantom (D:5)
  A scorpion (D:5)
  5 orc priests
  An iguana (D:5)
  A sleepcap (D:4)
  An orc wizard (D:5)
  3 adders
  A shadow imp (D:5)
  A white imp (D:5)
  2 ufetubi (D:5)
  2 dart slugs
  A ribbon worm (D:2)
  18 orcs
  3 ball pythons
  3 endoplasms
  3 giant cockroaches (D:2)
  4 goblins
  12 hobgoblins
  A quokka (D:2)
  A bat (D:1)
  4 frilled lizards
  2 kobolds (D:1)
  4 rats
76 creatures vanquished.

Notes
Turn   | Place    | Note
-------+----------+-------------------------------------------
     0 | D:1      | stipulation the Ghoul Monk began the quest for the Orb.
     0 | D:1      | Reached XP level 1. HP: 19/19 MP: 1/1
   190 | D:1      | Reached XP level 2. HP: 26/26 MP: 2/2
   266 | D:1      | Reached skill level 4 in Unarmed Combat
   437 | D:1      | Found a faded altar of an unknown god.
  1077 | D:2      | Reached XP level 3. HP: 25/31 MP: 3/3
  1258 | D:2      | Reached skill level 5 in Unarmed Combat
  1734 | D:3      | Reached XP level 4. HP: 32/38 MP: 4/4
  2198 | D:3      | Identified the orb of Anaickas {light, ^Contam Rampage
                  | rElec Stlth+}
  2403 | D:3      | Reached skill level 1 in Armour
  2403 | D:3      | Reached skill level 6 in Unarmed Combat
  2403 | D:3      | Reached XP level 5. HP: 42/45 MP: 5/5
  2499 | D:4      | Reached XP level 6. HP: 34/51 MP: 6/6
  3243 | D:5      | Entered Level 5 of the Dungeon
  3257 | D:5      | Found a runed translucent door.
  3261 | D:5      | Noticed a black bear
  3268 | D:5      | Killed a black bear
  3269 | D:5      | Reached skill level 7 in Unarmed Combat
  3380 | D:5      | Found Dokheiz's Jewellery Shop.
  3447 | D:5      | Found a burning altar of Makhleb.
  3466 | D:5      | Reached XP level 7. HP: 57/57 MP: 7/7
  3676 | D:5      | Found a runed translucent door.
  3680 | D:5      | Noticed middlethird's ghost (amateur VSFE)
  3730 | D:5      | Found a snail-covered altar of Cheibriados.
  3817 | D:5      | Found a blossoming altar of Fedhas.
  3819 | D:5      | Found a sparkling altar of Nemelex Xobeh.
  3819 | D:5      | Found a basalt altar of Yredelemnul.
  3819 | D:5      | Found an iron altar of Okawaru.
  3819 | D:5      | Found a stormy altar of Qazlal.
  3820 | D:5      | Found an opulent altar of Gozag.
  3823 | D:5      | Found a sacrificial altar of Ru.
  3926 | D:5      | Noticed a yak
  3940 | D:5      | HP: 2/57 [yak (11)]
  3942 | D:5      | Mangled by a yak

Illustrated notes

Levels and vault maps discovered:
D:1:      dpeg_arrival_three_smaller_balls, layout_basic,
          chequers_ecumenical_altar_island, minmay_tetromino_t2
D:2:      layout_loops_corners
D:3:      layout_rooms
D:4:      layout_gridville, tso_metal_star
D:5:      layout_rooms, mainiacjoe_overflow_small_starburst, minitemple,
          kennysheep_mini_moat, ebering_ghost_sewer_f, serial_shops, shop,
          minmay_manual_mullet

Skill      XL: |  1  2  3  4  5  6 |
---------------+-------------------+-----
Unarmed Combat | 4 5 6 7 |  7.6
Armour         | 1 2 3 |  3.8
Fighting       | |  3.2
Dodging        | |  2.6

Action                     |  1- 3 |  4- 6 |  7- 9 || total
---------------------------+-------+-------+-------++-------
  Melee: Unarmed           |    83 |    95 |    38 ||   216
    Use: Potion            |       |       |     1 ||     1
 Armour: Robe              |    37 |    12 |       ||    49
         Plate armour      |       |    60 |    35 ||    95
  Dodge: Dodged            |    37 |    26 |     9 ||    72
